Unix NetHack Version 5.0.0-0 post-release - last build Jun 10 2026 00:39:30 (3ee93aec679c4c4259841fe613dc97188e26a321,branch:main).

Game began 2026-06-15 18:29:08, ended 2026-06-16 00:10:17.

Brudee, chaotic female human Rogue

                  ---------                            -----
 ------------     |.......|             -----------    |...|#
 |=..=.==...|     |........###      ####.`........|    |...|##       ---------
 |===.***...-#    |.e.....|  ####  ##   |.........-###0|.<.-##       |...b...|
 |=.*.=..*..|#    |.@.....-#########    |.........|    |...|###      |.......|
 |.......+..|#    |d......|     ####    |.........|    ----- #       |.......|
 ------------##   |.......|        ##   -----.-|---          #      #........|
              #   -.-----.-         #        ###           ###   ####---------
              ##   # #####          #        #             # #####
               ## ####              #     #####  #          #    #
                # ###                   --|-- ## #####      #    #
                #-|------               |....######################
                #.......|               |...| #         ###### # #
                 |......|               |....##               ######
                 |......+               |...| ###     ---------.--########
                 --------               |..>|   ###   |..........| ######-+---
                                        -----     #   |..........|      #|...|
                                                  ####...........|      #....|
                                                      ------------       --.--

Brudee the Cutpurse     St:14 Dx:17 Co:12 In:9 Wi:13 Ch:12  Chaotic S:736
Dlvl:3  $:0  HP:0(36) Pw:19(19) AC:10 Xp:4/129 T:2461 

Latest messages:
 What do you want to read? [lmnz or ?*] <space>
 Never mind.
 What do you want to drop? [$a-ik-qt-zA-IKN-PRT-VX or ?*] z
 You drop a spellbook of magic missile.
 Svaving seems uninterested.
 What do you want to read? [lmn or ?*] ?
 As you read the scroll, it disappears.
 You have a strange feeling for a moment, then it passes.
 Call a scroll labeled TEMOV: strange feeling
 What do you want to read? [mn or ?*] ?
 You begin to memorize the runes.
 You add the "create monster" spell to your repertoire, as 'b'.
 Shaggy picks up a rock.
 You feel tough!
 You must have been leading a healthy life-style.
 What do you want to drop? [$a-ikm-qt-yA-IKN-PRT-VX or ?*] m
 You drop a spellbook of create monster.
 Svaving seems uninterested.
 Your movements are now unencumbered.
 What do you want to read? [n or ?*] ?
 You feel a wrenching sensation.
 Where do you want to be teleported?
 (For instructions type a '?')
 You materialize in a different location!
 You escaped the shop without paying!
 You stole 3484 zorkmids worth of merchandise.
 An alarm sounds!
 The Keystone Kops are after you!
 The fox bites!
 You hear some noises in the distance.
 The fox bites!
 The fox bites!
 The fox bites!
 The fox bites!
 The fox bites!
 The fox bites!
 The fox bites!
 The fox bites!
 You hear someone counting gold coins.
 The fox bites!
 The fox bites!
 The fox bites!
 The fox bites!
 The fox bites!
 The fox bites!
 The fox bites!
 The fox bites!
 You die...
 Svaving comes and takes all your possessions.
 Do you want to see what you had when you died? [ynq] (y) q

Inventory:
 Amulets  ('"')
  v - an uncursed amulet of reflection (being worn)
 Weapons  (')')
  b - a +0 dagger (alternate weapon; not wielded)
  y - 7 +0 daggers (at the ready)
  a - a +0 short sword
 Armor    ('[')
  c - an uncursed +1 leather armor
 Spellbooks  ('+')
  n - an uncursed spellbook of finger of death
 Potions  ('!')
  p - an uncursed potion of booze
  B - an uncursed potion of extra healing
  h - 3 uncursed potions of healing
  t - an uncursed potion of levitation
  k - 2 uncursed potions of oil
  w - an uncursed potion of paralysis
  o - a cursed potion of restore ability
  d - an uncursed potion of sickness
  D - an uncursed potion of sleeping
  A - an uncursed potion of speed
  i - a cursed potion of speed
 Rings    ('=')
  X - an uncursed ring of conflict
  F - an uncursed ring of fire resistance
  U - an uncursed ring of free action
  u - an uncursed -1 ring of gain strength
  I - an uncursed ring of levitation
  N - an uncursed ring of levitation
  K - an uncursed ring of polymorph
  O - a cursed ring of polymorph
  T - an uncursed ring of regeneration
  G - an uncursed ring of see invisible
  H - an uncursed ring of slow digestion
  P - a cursed ring of teleport control (on left hand)
  R - a cursed ring of teleportation
 Wands    ('/')
  C - a wand of undead turning (0:6)
 Tools    ('(')
  f - an empty uncursed sack
  g - an uncursed blindfold
  e - an uncursed lock pick
 Gems/Stones  ('*')
  x - 2 uncursed chrysoberyl stones
  V - an uncursed worthless piece of orange glass
  q - an uncursed worthless piece of yellow glass
  E - an uncursed touchstone

Brudee the Rogue's attributes:

Background:
 You were a Cutpurse, a level 4 female human Rogue.
 You were chaotic, on a mission for Kos
 who was opposed by Issek (lawful) and Mog (neutral).
 You were right-handed.
 You were in the Dungeons of Doom, on level 3.
 You entered the dungeon 2461 turns ago.
 It was the midnight hour.
 There was a new moon in effect when your adventure ended.
 You had 129 experience points, 31 more were needed to attain level 5.
 Your score was 736 before end-of-game adjustments.

Basics:
 You had 0 out of 36 hit points.
 You had all 19 energy points (spell power).
 Your armor class was 10.
 Your wallet was empty.
 Autopickup was on for '$!=+?/"' plus thrown.

Final Characteristics:
 Your strength was 14 (limit:18/100).
 Your dexterity was 17 (limit:18).
 Your constitution was 12 (limit:18).
 Your intelligence was 9 (limit:18).
 Your wisdom was 13 (limit:18).
 Your charisma was 12 (limit:18).

Final Status:
 You weren't hungry.
 You were unencumbered.
 You were bare handed.
 You were unskilled in bare handed combat.
 You weren't wearing any armor.

Final Attributes:
 You were piously aligned.
 You were stealthy.
 You had teleport control.
 You had reflection.
 You are dead.

Miscellaneous:
 You didn't encounter any bones levels.
 Total elapsed playing time was 31 minutes and 10 seconds.

Major events:
 Turn
    1: Brudee the chaotic female human Rogue entered the dungeon
  774: entered the Gnomish Mines
 1408: attained the rank of Cutpurse (level 3)
 2450: stole 3484 zorkmids worth of merchandise from Svaving's jewelers
 2461: killed by a fox, while reading a book

Spells:
 Name                 Level Category     Fail Retention
 magic missile          2   attack       100%  76%-100%
 create monster         2   clerical     100%  76%-100%

Skills:
 Fighting Skills
   bare handed combat [Unskilled]
   two weapon combat  [Unskilled]
   riding             [Unskilled]
 Weapon Skills
   dagger             [Basic]
   knife              [Unskilled]
   short sword        [Basic]
   broadsword         [Unskilled]
   long sword         [Unskilled]
   two-handed sword   [Unskilled]
   saber              [Unskilled]
   club               [Unskilled]
   mace               [Unskilled]
   morning star       [Unskilled]
   flail              [Unskilled]
   hammer             [Unskilled]
   polearms           [Unskilled]
   spear              [Unskilled]
   crossbow           [Unskilled]
   dart               [Unskilled]
   shuriken           [Unskilled]
 Spellcasting Skills
   divination spells  [Unskilled]
   escape spells      [Unskilled]
   matter spells      [Unskilled]

Voluntary challenges:
 Character rerolling was not enabled.
 You never genocided any monsters.
 You never polymorphed an object.
 You used no wishes.
Achievements:
 You entered a shop.
 You entered the Gnomish Mines.
 You attained the rank of Cutpurse.

 The Dungeons of Doom: levels 1 to 5
    Level 1:
       A fountain.
    Level 2:
       A fountain.
    Level 3: <- You were here.
       A ring shop.
       Stairs down to The Gnomish Mines.
       Final resting place for
          you, killed by a fox, while reading a book.
    Level 4:
       A fountain.
    Level 5:
 The Gnomish Mines:
    Level 4:


Vanquished creatures:
  2 small mimics
  a Kop Sergeant
  a wererat
 an iguana
 an acid blob
  4 coyotes
  3 cave spiders
  a red mold
  a Keystone Kop
  2 gnome zombies
  2 geckos
  6 jackals
  2 foxes
  2 kobolds
  a goblin
  3 sewer rats
  2 grid bugs
  2 bats
  4 lichens
  a kobold zombie
  2 newts
44 creatures vanquished.

No species were genocided or became extinct.

Game over:
                       ----------
                      /          \
                     /    REST    \
                    /      IN      \
                   /     PEACE      \
                  /                  \
                  |      Brudee      |
                  |       0 Au       |
                  | killed by a fox  |
                  |                  |
                  |                  |
                  |                  |
                  |       2026       |
                 *|     *  *  *      | *
        _________)/\\_//(\/(/\)/\//\/|_)_______

Goodbye Brudee the Rogue...

You died in The Dungeons of Doom on dungeon level 3 with 736 points,
and 0 pieces of gold, after 2461 moves.
You were level 4 with a maximum of 36 hit points when you died.

